Construct Section Command Post
Selects Australian Defense Battlegroup
Selects Australian Light Infantry Section
Australian Light Infantry Section
Selects Defensive Tactics
Construct Platoon Command Post
Unlock M3 Stuart Light Tanks
Australian Light Infantry Section
Construct Company Command Post
Selects CMP 15cwt Supply Run
Selects Artillery Trip Wire Flares
Selects Archer Tank Destroyer
Australian Light Infantry Section
Australian Light Infantry Section
Australian Light Infantry Section
Unlock Bishop Self-propelled Artillery
Australian Light Infantry Section